 Dungeon Crawl Stone Soup version 0.31.0-7-gf635a9b802 (webtiles) character file.

Game seed: 16725822194611199101

2095267 Daunt the Heavyweight Champion (level 27, 339/339 HPs)
             Began as a Troll Enchanter on Jan 23, 2024.
             Was the Champion of Wu Jian.
             Escaped with the Orb
             ... and 3 runes
             ... and 1 gem (intact) on Jan 24, 2024!
             The game lasted 04:14:08 (50589 turns).

Daunt the Heavyweight Champion (Troll Enchanter)   Turns: 50589, Time: 04:14:08

Health: 339/339    AC: 39    Str: 30    XL:     27
Magic:  21/21      EV: 16    Int: 11    God:    Wu Jian [******]
Gold:   8968       SH: 25    Dex: 16    Spells: 28/28 levels left

rFire   + +          .
                       - Unarmed
rCold   + . .        B - +3 tower shield of Impressiveness {+Inv Dex+4}
rNeg    + + .        (body armour currently unavailable)
rPois   ∞            l - +2 hat of the Bear Spirit {Spirit, Bear, *Rage Will++}
rElec   +            D - +1 cloak "Iqauliv" {rF++}
rCorr   .            (gloves unavailable)
SInv    +            (boots unavailable)
Will    ++++.        Y - amulet of Vitality {RegenMP++ Regen++}
Stlth   +            I - ring of see invisible
HPRegen 3.16/turn    O - ring "Gaptuw" {^Drain rC+ rN+ Slay+6 Stlth-, =R}
MPRegen 0.97/turn

%: random rage (20%), guardian spirit
@: statue-form, studying 2 skills, very slow
A: slow and powerful, torment resistance 1, boosted hp, large, unfitting armour,
claws 3, regeneration 1, (shaggy fur 1), (tough skin 1), clumsy 1, deformed
body, frail 1, low MP 1
0: Orb of Zot
}: 3/15 runes: serpentine, barnacled, silver
a: Begin Untransformation, Renounce Religion, Evoke Invisibility, Wall Jump,
Serpent's Lash, Heavenly Storm


You escaped.
You worshipped Wu Jian.
Wu Jian was exalted by your worship.
You were a living statue of rough stone.
You visited 10 branches of the dungeon, and saw 50 of its levels.
You also visited: Sewer.

You collected 11804 gold pieces.
You spent 2836 gold pieces at shops.

Inventory:

Missiles
 d - 13 javelins
 r - 49 poisoned darts (quivered)
 w - 5 datura-tipped darts
 y - 54 large rocks
 A - 19 atropa-tipped darts
 G - 15 curare-tipped darts
 T - 29 throwing nets
Armour
 l - the +2 hat of the Bear Spirit (worn) {Spirit, Bear, *Rage Will++}
   (You found it on level 2 of the Lair of Beasts)

   Bear:      Going berserk makes the wearer exceptionally tough, and they are
   slowed for a shorter time afterward.
   Will++:    It greatly increases your willpower.
   *Rage:     It berserks you when you make melee attacks (+20% chance).
 B - the +3 tower shield of Impressiveness (worn) {+Inv Dex+4}
   (You acquired it on level 4 of the Depths)

   Dex+4:     It affects your dexterity (+4).
   +Inv:      It lets you turn invisible.
 D - the +1 cloak "Iqauliv" (worn) {rF++}
   (You found it on level 5 of the Vaults)

   rF++:      It greatly protects you from fire.
Jewellery
 i - a ring of flight
 z - a +5 ring of evasion
 C - a ring of protection from cold
 F - a ring of protection from fire
 I - a ring of see invisible (left claw)
 O - the ring "Gaptuw" (right claw) {^Drain rC+ rN+ Slay+6 Stlth-, =R}
   (You found it on level 3 of the Crypt)

   [ring of positive energy]

   Slay+6:    It affects your accuracy & damage with ranged weapons and melee
   (+6).
   rC+:       It protects you from cold.
   rN+:       It protects you from negative energy.
   ^Drain:    It drains your maximum health when unequipped.
   Stlth-:    It makes you less stealthy.
 S - a +4 ring of protection
 Y - the amulet of Vitality (around neck) {RegenMP++ Regen++}
   (You took it off a yaktaur on level 1 of the Vaults)

   [amulet of magic regeneration]

   RegenMP:   It increases your rate of magic regeneration.
   Regen++:   It increases your rate of health regeneration.
Wands
 o - a wand of charming (48)
 u - a wand of acid (31)
 M - a wand of digging (11)
 P - a wand of mindburst (49)
Scrolls
 m - 5 scrolls of revelation
 n - 6 scrolls of fog
 p - 2 scrolls of silence
 q - 8 scrolls of teleportation
 s - 10 scrolls of blinking
 t - 7 scrolls of vulnerability
 v - 7 scrolls of fear
 K - 6 scrolls of immolation
 L - 7 scrolls of poison
 Q - 3 scrolls of butterflies
 V - 4 scrolls of enchant armour
Potions
 a - 14 potions of heal wounds
 c - 3 potions of invisibility
 e - 13 potions of lignification
 f - 19 potions of curing
 g - 7 potions of resistance
 h - 2 potions of berserk rage
 j - 13 potions of attraction
 x - 7 potions of cancellation
 H - 6 potions of mutation
 J - 9 potions of ambrosia
 R - 6 potions of haste
 U - 5 potions of enlightenment
 W - 5 potions of might
Miscellaneous
 b - a phial of floods
 k - a phantom mirror
 N - a box of beasts
 Z - a lightning rod (4/4)


   Skills:
 - Level 19.9 Fighting
 - Level 0.7 Short Blades
 - Level 5.0 Throwing
 - Level 13.0 Dodging
 - Level 1.5 Stealth
 + Level 21.3 Shields
 O Level 27 Unarmed Combat
 - Level 1.2 Spellcasting
 - Level 2.0 Hexes
 - Level 3.0 Evocations
 + Level 23.0 Shapeshifting


You had 28 spell levels left.
You didn't know any spells.
Your spell library contained the following spells:

 Spells                   Type           Power      Damage    Failure   Level
 Jinxbite                 Hex            10%        N/A       30%         2
 Apportation              Tloc           0%         N/A       41%         1
 Foxfire                  Conj/Fire      0%         2x1d4     41%         1
 Magic Dart               Conj           0%         1d3       41%         1
 Necrotise                Necr           0%         1d4       41%         1
 Shock                    Conj/Air       0%         1d3       41%         1
 Sting                    Conj/Alch      0%         1d3       41%         1
 Summon Small Mammal      Summ           0%         N/A       41%         1
 Ensorcelled Hibernation  Hex/Ice        4%         N/A       41%         2
 Confusing Touch          Hex            5%         N/A       52%         3
 Tukima's Dance           Hex            5%         N/A       52%         3
 Blink                    Tloc           0%         N/A       56%         2
 Call Imp                 Summ           0%         N/A       56%         2
 Cigotuvi's Dreadful Rot  Necr/Alch/Air  0%         N/A       56%         2
 Lesser Beckoning         Tloc           0%         N/A       56%         2
 Mercury Vapours          Alch/Air       0%         N/A       56%         2
 Momentum Strike          Conj/Tloc      0%         3d8       56%         2
 Searing Ray              Conj           0%         2d4       56%         2
 Dazzling Flash           Conj/Hex       4%         N/A       65%         3
 Inner Flame              Hex/Fire       2%         N/A       65%         3
 Gell's Gravitas          Tloc           0%         N/A       80%         3
 Hailstorm                Conj/Ice       0%         3d5       80%         3
 Mephitic Cloud           Conj/Alch/Air  0%         N/A       80%         3
 Passwall                 Erth           0%         N/A       80%         3
 Summon Ice Beast         Ice/Summ       0%         N/A       80%         3
 Swiftness                Air            0%         N/A       80%         3
 Teleport Other           Tloc           0%         N/A       80%         3
 Vampiric Draining        Necr           0%         2d6       80%         3
 Volatile Blastmotes      Fire/Tloc      0%         2d10      80%         3
 Cause Fear               Hex            2%         N/A       89%         4
 Anguish                  Hex/Necr       1%         N/A       96%         4
 Dimensional Bullseye     Hex/Tloc       1%         N/A       96%         4
 Airstrike                Air            0%         2d(0-16)  99%         4
 Animate Armour           Summ/Erth      0%         N/A       99%         4
 Animate Dead             Necr           0%         N/A       99%         4
 Dispel Undead            Necr           0%         3d6       99%         4
 Flame Wave               Conj/Fire      0%         2d4       99%         4
 Fulminant Prism          Conj/Alch      0%         3d5       99%         4
 Leda's Liquefaction      Alch/Erth      0%         N/A       99%         4
 Manifold Assault         Tloc           0%         N/A       99%         4
 Martyr's Knell           Necr/Summ      0%         N/A       99%         4
 Passage of Golubria      Tloc           0%         N/A       99%         4
 Sticky Flame             Fire/Alch      0%         2d4       99%         4
 Summon Lightning Spire   Summ/Air       0%         N/A       99%         4
 Vhi's Electric Charge    Tloc/Air       0%         N/A       99%         4
 Alistair's Intoxication  Alch           0%         N/A       100%        5
 Arcjolt                  Conj/Air       0%         1d10      100%        5
 Borgnjor's Vile Clutch   Necr/Erth      0%         N/A       100%        5
 Curse of Agony           Necr           0%         N/A       100%        5
 Fireball                 Conj/Fire      0%         3d3       100%        5
 Freezing Cloud           Conj/Ice/Air   0%         6-21      100%        5
 Iskenderun's Battlesphe  Conj           0%         2d6       100%        5
 Lee's Rapid Deconstruct  Erth           0%         3d4*      100%        5
 Silence                  Hex/Air        1%         N/A       100%        5
 Summon Forest            Summ/Tloc      0%         N/A       100%        5
 Yara's Violent Unravell  Hex/Alch       1%         3d3       100%        5
 Bombard                  Conj/Erth      0%         9d1       100%        6
 Death Channel            Necr           0%         N/A       100%        6
 Dispersal                Tloc           0%         N/A       100%        6
 Eringya's Noxious Bog    Alch           0%         4d6       100%        6
 Plasma Beam              Fire/Air       0%         2x1d10    100%        6
 Sculpt Simulacrum        Ice/Alch       0%         N/A       100%        6
 Starburst                Conj/Fire      0%         6d3       100%        6
 Summon Cactus Giant      Summ           0%         N/A       100%        6
 Enfeeble                 Hex            2%         N/A       100%        7
 Haunt                    Necr/Summ      0%         N/A       100%        7
 Spellforged Servitor     Conj/Summ      0%         N/A       100%        7
 Summon Hydra             Summ           0%         N/A       100%        7
 Borgnjor's Revivificati  Necr           0%         N/A       100%        8
 Disjunction              Tloc           0%         N/A       100%        8
 Infestation              Necr           0%         N/A       100%        8
 Lehudib's Crystal Spear  Conj/Erth      0%         10d2      100%        8
 Maxwell's Capacitive Co  Air            0%         ∞         100%        8
 Chain Lightning          Conj/Air       0%         N/A       100%        9
 Death's Door             Necr           0%         N/A       100%        9
 Dragon's Call            Summ           0%         N/A       100%        9
 Fire Storm               Conj/Fire      0%         5d1       100%        9
 Shatter                  Erth           0%         3d5*      100%        9
 Sublimation of Blood     Necr           Unusable   N/A       N/A         2

Dungeon Overview and Level Annotations

Branches:
Dungeon (15/15)            Temple (0/1) D:5            Lair (5/5) D:10
 Shoals (4/4) Lair:3        Snake (4/4) Lair:3        Slime (0/5) Lair:4
    Orc (2/2) D:10            Elf (3/3) Orc:2        Vaults (5/5) D:13
  Crypt (3/3) Vaults:3       Tomb (0/3) Crypt:3      Depths (4/4) D:15
    Zot (5/5) Depths:4      Sewer (visited)

Altars:
Cheibriados
Dithmenos
Gozag
Hepliaklqana
Kikubaaqudgha
Makhleb
Nemelex Xobeh
Okawaru
Qazlal
Sif Muna
Trog
Vehumet
Wu Jian
Xom
Yredelemnul
The Shining One

Shops:
D:9 *   Orc:2 ?(:   Elf:1 !   Elf:2 [   Elf:3 (   Shoals:1 *   Snake:2 *[([:
Snake:4 (   Vaults:1 *   Vaults:2 (*   Vaults:3 =?   Vaults:4 [   Depths:1 *

Portals:
Hell: Depths:1 Depths:2 Depths:3 Depths:4
Abyss: Zot:3 Depths:1 Depths:3 Depths:4
Pandemonium: Depths:2
Ziggurat: Depths:2
Trove: Vaults:3 (give +5 fire dragon scales)

Annotations:
Lair:2 Urug
Shoals:1 3 runed translucent doors, Heh's ghost, adept DsGl
Shoals:2 Ilsuiw; Nikola
Snake:2 shop
Elf:2 3 runed translucent doors
Depths:2 2 runed translucent doors
Zot:3 2 transporters, Miridwoatt's ghost, master GnFi
Zot:5 1 runed translucent door, stpyramids's ghost, legendary DDFi


Innate Abilities, Weirdness & Mutations

You are a living statue of rough stone.
Your actions are slow, but your melee attacks are powerful.
You are resistant to unholy torment.
Your maximum health is greatly increased.
Your equipment is partially melded.
You are too large for most types of armour.
You are immune to poison.
You have claws for hands.
Your natural rate of healing is unusually fast.
((You are covered in fur. (AC +1)))
((You have tough skin. (AC +1)))
You are clumsy. (Dex -2)
Armour fits poorly on your strangely shaped body.
You are frail. (-10% HP)
Your magical capacity is low. (-10% MP)


Message History

There is a stone staircase leading down here.
There is a stone staircase leading up here.
You climb upwards.
There is a stone staircase leading down here.
There is a stone staircase leading up here.
You climb upwards.
There is a stone staircase leading down here.
There is a stone staircase leading up here.
You climb upwards.
There is a stone staircase leading down here.
There is a stone staircase leading up here.
You climb upwards.
There is a stone staircase leading down here.
There is a stone staircase leading up here.
You climb upwards.
There is a stone staircase leading down here.
What level of the Dungeon? (default 1, ? - help)
An Orb Guardian comes into view.
You block the Orb Guardian's attack.
You eviscerate the Orb Guardian!!!!
You kill the Orb Guardian!
The Council accepts your kill.
No target in view!
No target in view!
There is an open door here. 2 sun demons come into view.
There are monsters nearby!
A balrug comes into view.
It is wielding a +2 demon whip of draining.
The sun demon shouts!
A sun demon comes into view.
A demonspawn warmonger and a reaper come into view.
The demonspawn warmonger is wielding a +2 demon blade of draining and wearing a +2 plate armour of fire resistance.
The reaper is wielding a +1 scythe of protection.
The balrug gestures at you. You block the pyre arrow.
There is a staircase leading out of the dungeon here.
Unknown command.
Unknown command.
The sun demon barely misses you. You block the sun demon's attack.
You block the balrug's attack.
You have escaped!

##########.##### #.# .).........#
#########.#
##.####################.......#.#
#.#.............................
#.#.P≈≈~~~≈~≈P...P~~~~~≈~~P..#..
#...~~≈~~~~≈~~...≈~≈~~~~≈≈~..###
#...~≈≈~~~~~≈~...~≈≈~~~~≈≈~.....
##..P~≈~~~~~~...2.~~~~~~~~P...##
#...........).833..............
##.P~~~~~~~≈.6.3.~~~~~~~~P.#.#.
#.~≈≈~~~~≈~~.2.~≈≈~~~~≈~~.#.#.
#.~~≈~~~~≈~~...~≈≈~~~~≈~~.#.#.
#.P~~~~~~~~P...P~~~~≈≈≈~P...##
#.............................
##.#########.###########...###
#..####.....# ##### #.......#####


You could see a demonspawn warmonger, a balrug, a reaper and 3 sun demons.

Vanquished Creatures
  2 pandemonium lords (Depths:4)
  2 seraphim
  2 dread liches (Zot:5)
  4 ancient liches (Zot:5)
  3 orbs of fire (Zot:5)
  Vv (Zot:4)
  Boris (thrice) (Elf:3 Crypt:3 Depths:4)
  Saint Roka (Snake:4)
  Vashnia (Snake:4)
  4 Killer Klowns
  Margery (Crypt:1)
  4 curse toes
  6 golden dragons
  2 profane servitors
  Norris (Vaults:2)
  the Enchantress (D:15)
  A bone dragon (Crypt:3)
  3 doom hounds (Depths:3)
  2 Brimstone Fiends
  6 electric golems
  Jorgrun (Orc:2)
  A shard shrike zombie (Crypt:3)
  14 tentacled monstrosities
  A walking crystal tome (Depths:4)
  30 Orb Guardians
  11 quicksilver dragons
  Asterion (Snake:1)
  Grunn (Depths:3)
  5 sphinxes
  5 liches
  7 titans (Vaults:5)
  2 deep elf master archers (Elf:3)
  A searing wretch (Crypt:1)
  An ancient champion (Crypt:1)
  A deep elf blademaster (Elf:3)
  6 death cobs
  3 Executioners
  6 tengu reavers
  Aizul (Snake:4)
  14 shadow dragons
  12 storm dragons
  A daeva (D:10)
  Donald (Snake:3)
  4 nagarajas (Snake:4)
  3 revenants
  11 protean progenitors
  7 fire giants
  3 draconian monks
  A draconian knight (Zot:2)
  9 draconian scorchers
  The ghost of Sirjeffry24 the Executioner, a journeyman HOFi of Beogh (D:15)
  2 ghost moths
  5 deep elf sorcerers (Elf:3)
  2 draconian shifters
  15 vault wardens
  An iron dragon (Vaults:5)
  3 angels
  9 frost giants
  18 ghouls
  2 orc warlords
  4 cacodemons
  A reaper (Crypt:2)
  2 curse skulls (Crypt:3)
  A juggernaut zombie (Crypt:3)
  4 balrugs
  14 ironbound preservers
  4 deep elf elementalists (Elf:3)
  6 spriggan defenders
  3 draconian annihilators (Zot:4)
  5 draconian stormcallers
  11 stone giants
  6 green draconians
  2 formless jellyfish
  23 very ugly things
  2 deep elf demonologists
  2 grey draconians (Depths:4)
  8 deep elf death magi
  6 yellow draconians
  5 vampire knights
  8 deep elf annihilators (Elf:3)
  10 ironbound thunderhulks
  7 purple draconians
  10 black draconians
  4 dire elephants
  6 white draconians
  7 red draconians
  6 spark wasps
  A lorocyproca (Depths:1)
  5 war gargoyles
  Snorg (D:11)
  11 ettins
  5 blizzard demons
  14 eidola
  A quicksilver dragon zombie (Depths:2)
  7 fire dragons
  7 deep elf high priests (Elf:3)
  4 entropy weavers
  A mummy priest (Crypt:3)
  Josephine (D:12)
  23 yaktaur captains
  3 crystal guardians (Vaults:4)
  4 merfolk impalers
  9 jiangshi
  7 spriggan zombies
  11 great orbs of eyes
  7 hydras
  3 ice dragons
  A merfolk avatar (Lair:5)
  3 ogre magi
  2 caustic shrike simulacra
  3 peacekeepers (Vaults:4)
  A radroach (shapeshifter) (Elf:1)
  A salamander tyrant (Snake:4)
  2 rakshasas
  5 spriggan air magi
  A fenstrider witch zombie (Crypt:2)
  29 vault guards
  8 ironbound frosthearts
  18 anacondas
  A hell beast (Depths:2)
  4 satyrs
  10 merfolk aquamancers
  4 radroaches (Zot:4)
  6 death knights
  13 centaur warriors
  11 naga warriors
  A fenstrider witch skeleton (Crypt:1)
  14 dancing weapons
  7 boulder beetles
  9 two-headed ogres
  3 deep troll shamans
  3 deep troll earth magi
  7 tengu warriors
  A titan zombie (Vaults:3)
  3 occultists (Depths:1)
  5 vampire magi
  4 spriggan berserkers
  5 shock serpents
  6 hell hogs
  12 hell knights
  4 sun demons
  16 naga sharpshooters
  Amaemon (Lair:3)
  8 deep elf knights
  Nergalle (D:12)
  29 skeletal warriors
  2 soul eaters (Depths:2)
  11 skysharks
  A skyshark (shapeshifter) (Elf:1)
  5 iron trolls
  7 sixfirhies
  An iron giant zombie (Crypt:3)
  8 sea snakes
  A shadow wraith (Vaults:4)
  An anaconda zombie (Crypt:1)
  55 deep trolls
  2 cherubim
  6 large abominations
  2 sea snakes (shapeshifter)
  6 flayed ghosts
  An obsidian statue (Zot:5)
  20 mana vipers
  4 bog bodies
  7 glowing orange brains
  A shadow dragon zombie (Crypt:3)
  A glowing orange brain (shapeshifter) (Vaults:1)
  6 lindwurms
  27 phantasmal warriors
  A tengu zombie (Vaults:3)
  11 naga ritualists
  13 harpies
  6 arcanists
  13 deep elf archers
  12 ironbound convokers
  17 necromancers
  28 deep elf pyromancers
  12 orc knights
  6 orc sorcerers (Orc:2)
  An iron dragon zombie (Crypt:3)
  A sun moth (shapeshifter) (Vaults:5)
  A tengu skeleton (Vaults:3)
  2 stone giant zombies
  50 ugly things
  2 cyclopes
  11 fauns
  2 shining eyes (shapeshifter) (Vaults:5)
  Maurice (D:12)
  8 salamanders
  An oklob plant (Snake:3)
  8 manticores
  15 deep elf zephyrmancers
  A mana viper (shapeshifter) (D:15)
  22 moths of wrath
  4 wolf spiders
  11 elephants
  A water nymph (shapeshifter) (Vaults:5)
  5 merfolk sirens
  A manticore (shapeshifter) (D:13)
  A kobold blastminer (Orc:2)
  Joseph (D:7)
  3 centaur zombies
  8 guardian serpents
  66 black mambas
  2 frost giant skeletons
  An alligator snapping turtle zombie (Crypt:3)
  8 naga magi
  5 smoke demons (Depths:2)
  19 vault sentinels
  2 dire elephant zombies
  4 water nymphs
  4 torpor snails
  2 dire elephant skeletons
  7 orange demons
  18 cane toads
  A hellion (Zot:1)
  3 gargoyles
  A cane toad (shapeshifter) (Elf:1)
  A red draconian zombie (Crypt:2)
  A naga skeleton (Crypt:2)
  4 rime drakes
  A rime drake (shapeshifter) (Elf:2)
  5 unseen horrors
  An orc skeleton (Crypt:2)
  15 komodo dragons
  A yellow draconian skeleton (Crypt:1)
  6 tengu conjurers
  44 yaktaurs
  8 freezing wraiths
  A bunyip simulacrum (Crypt:2)
  2 human zombies
  A tormentor (Depths:4)
  4 harpy zombies
  2 human skeletons (Vaults:4)
  8 trolls
  A red devil (Depths:4)
  2 hydra zombies
  19 merfolk
  A hellwing (D:13)
  A queen bee (shapeshifter) (Elf:1)
  2 polar bears (Lair:5)
  19 blink frogs
  A shadow dragon simulacrum (Vaults:3)
  A tengu simulacrum (Depths:2)
  6 hornets
  A glass eye (shapeshifter) (Elf:1)
  A wind drake (Shoals:4)
  2 tarantellas
  3 ettin zombies
  5 glass eyes (Zot:4)
  A guardian serpent zombie (Crypt:2)
  A human simulacrum (Vaults:4)
  2 merfolk zombies
  3 air elementals
  A harpy skeleton (Crypt:1)
  5 jumping spiders (Crypt:3)
  8 snapping turtles
  15 wraiths
  14 water elementals
  A ynoxinul (Depths:1)
  4 shadows
  4 wyverns
  A yak (shapeshifter) (Elf:1)
  34 slime creatures
  7 spriggans
  4 fire elementals (Elf:1)
  36 yaks
  A vampire (D:13)
  A black mamba zombie (Crypt:3)
  5 basilisks
  2 ushabtiu (Crypt:3)
  A basilisk (shapeshifter) (D:14)
  An alligator snapping turtle simulacrum (Crypt:1)
  3 steam dragons
  15 wargs
  6 redbacks
  A yaktaur simulacrum (Vaults:3)
  Menkaure (D:6)
  5 chaos spawn
  3 naga zombies (Crypt:3)
  10 vampire mosquitoes
  2 harpy simulacra
  A fire bat zombie (Crypt:2)
  31 nagas
  A demonspawn zombie (Crypt:1)
  16 water moccasins
  4 small abominations (Depths:3)
  An acid dragon (shapeshifter) (D:15)
  4 acid dragons
  A fire bat skeleton (Crypt:1)
  A merfolk skeleton (Crypt:1)
  An ice beast (D:7)
  6 black bears
  34 orc warriors
  The ghost of BadNewsBrown the Ruffian, an amateur TrGl (D:3)
  3 boggarts (Vaults:2)
  A spriggan simulacrum (Depths:1)
  A lindwurm zombie (Crypt:1)
  16 laughing skulls
  4 ogres
  5 wolves
  An elephant skeleton (Crypt:2)
  A phantom (D:5)
  3 centaurs
  Blork the orc (D:6)
  A yaktaur zombie (Crypt:1)
  3 kobold brigands (D:9)
  A brain worm (shapeshifter) (Vaults:5)
  A gnoll sergeant (D:9)
  18 bullfrogs
  An earth elemental (Elf:1)
  5 scorpions
  A glowing shapeshifter simulacrum (Vaults:3)
  17 necrophages
  4 wights (D:8)
  8 wyvern skeletons (Crypt:3)
  3 killer bees (D:7)
  4 electric eels
  11 howler monkeys
  2 lava snakes (Lair:2)
  3 bombardier beetles
  7 hounds
  2 jellies
  Crazy Yiuf (D:5)
  11 orc priests
  A gnoll bouda (D:4)
  A sleepcap (D:5)
  4 hell rats (Lair:5)
  Natasha (thrice) (D:2)
  15 iguanas
  35 orc wizards
  A brain worm zombie (Crypt:2)
  A deep dwarf zombie (Crypt:2)
  A crocodile skeleton (Crypt:1)
  A mummy (Crypt:3)
  10 gnolls
  16 adders
  7 river rats (Lair:5)
  A ribbon worm zombie (Crypt:2)
  A lava snake zombie (Crypt:2)
  An adder zombie (Crypt:1)
  An iguana skeleton (Crypt:2)
  9 dart slugs
  3 ribbon worms
  100 orcs
  12 endoplasms
  19 giant cockroaches
  5 goblins
  12 hobgoblins
  3 quokkas
  10 ball pythons
  14 bats
  26 frilled lizards
  23 kobolds
  18 rats
  9 aspiring fleshes
2397 creatures vanquished.

Vanquished Creatures (collateral kills)
  A kobold (D:4)
1 creature vanquished.

Vanquished Creatures (others)
  A very ugly thing (Depths:1)
  A deep elf death mage (Crypt:1)
  2 deep elf knights
  A skeletal warrior (Crypt:1)
  A deep elf zephyrmancer (Elf:1)
  A water elemental (Shoals:2)
  A wraith (Crypt:2)
  A small abomination (Depths:4)
  An orc (Orc:2)
10 creatures vanquished.

Grand Total: 2408 creatures vanquished

Notes
Turn   | Place    | Note
-------+----------+-------------------------------------------
     0 | D:1      | Daunt the Troll Enchanter began the quest for the Orb.
     0 | D:1      | Reached XP level 1. HP: 16/16 MP: 1/1
   119 | D:1      | Reached skill level 1 in Unarmed Combat
   252 | D:1      | Reached XP level 2. HP: 24/24 MP: 2/2
   396 | D:1      | Reached skill level 2 in Unarmed Combat
  1263 | D:2      | Reached XP level 3. HP: 31/31 MP: 3/3
  1360 | D:2      | Reached skill level 3 in Unarmed Combat
  1458 | D:2      | Noticed Natasha
  1466 | D:2      | Killed Natasha
  1508 | D:2      | Reached XP level 4. HP: 39/39 MP: 4/4
  1596 | D:2      | Noticed Natasha
  1607 | D:2      | Killed Natasha
  1608 | D:2      | Reached skill level 4 in Unarmed Combat
  1669 | D:2      | Noticed Natasha
  1677 | D:2      | Killed Natasha
  1681 | D:2      | Reached XP level 5. HP: 34/45 MP: 5/5
  2281 | D:3      | Reached skill level 5 in Unarmed Combat
  2293 | D:3      | Found a faded altar of an unknown god.
  2299 | D:3      | Found a runed translucent door.
  2303 | D:3      | Noticed BadNewsBrown's ghost (amateur TrGl)
  2355 | D:3      | Found a stormy altar of Qazlal.
  2369 | D:3      | Found a glowing drain.
  2384 | Sewer    | Entered a sewer
  2725 | Sewer    | Reached skill level 6 in Unarmed Combat
  2725 | Sewer    | Reached XP level 6. HP: 30/53 MP: 6/6
  3061 | D:3      | Found a shadowy altar of Dithmenos.
  3071 | D:3      | Found a shimmering blue altar of Sif Muna.
  3322 | D:3      | Found an ornate altar of the Wu Jian Council.
  3369 | D:3      | Became a worshipper of the Wu Jian Council
  3531 | D:3      | Reached skill level 7 in Unarmed Combat
  3543 | D:3      | Killed BadNewsBrown's ghost
  3544 | D:3      | Reached XP level 7. HP: 41/59 MP: 7/7
  3661 | D:4      | Reached skill level 1 in Fighting
  3661 | D:4      | Reached skill level 8 in Unarmed Combat
  3719 | D:4      | Found an iron altar of Okawaru.
  3839 | D:3      | Reached * piety under Wu Jian
  3954 | D:4      | Reached XP level 8. HP: 72/72 MP: 8/8
  3960 | D:4      | Found a burning altar of Makhleb.
  4135 | D:4      | Reached skill level 9 in Unarmed Combat
  4270 | D:5      | Entered Level 5 of the Dungeon
  4404 | D:5      | Reached ** piety under Wu Jian
  4584 | D:5      | Found a snail-covered altar of Cheibriados.
  4679 | D:5      | Found a staircase to the Ecumenical Temple.
  4863 | D:5      | Reached skill level 10 in Unarmed Combat
  4882 | D:5      | Found a bloodstained altar of Trog.
  4979 | D:5      | Found a runed translucent door.
  4980 | D:5      | Noticed Crazy Yiuf
  5099 | D:5      | Killed Crazy Yiuf
  5155 | D:6      | Noticed Menkaure
  5170 | D:6      | Killed Menkaure
  5245 | D:6      | Reached XP level 9. HP: 84/84 MP: 9/9
  5330 | D:6      | Noticed Blork the orc
  5345 | D:6      | Killed Blork the orc
  5697 | D:7      | Reached skill level 11 in Unarmed Combat
  5717 | D:7      | Noticed Joseph
  6147 | D:7      | Noticed a two-headed ogre
  6326 | D:8      | Noticed a boulder beetle
  6544 | D:8      | Reached skill level 5 in Fighting
  6562 | D:8      | Reached *** piety under Wu Jian
  6675 | D:8      | Reached skill level 12 in Unarmed Combat
  6772 | D:8      | Found an ancient bone altar of Kikubaaqudgha.
  7188 | D:8      | Noticed a green ugly thing
  7195 | D:8      | Killed a green ugly thing
  7196 | D:8      | Reached XP level 10. HP: 73/98 MP: 10/10
  7476 | D:9      | Reached skill level 1 in Evocations
  7585 | D:9      | Reached skill level 13 in Unarmed Combat
  7734 | D:9      | Found Kaklasapp's Assorted Antiques.
  7742 | D:9      | Bought a scroll labelled CITROCLOZASM for 25 gold pieces
  7913 | D:9      | Reached **** piety under Wu Jian
  8134 | D:10     | Entered Level 10 of the Dungeon
  8371 | D:10     | Found a staircase to the Orcish Mines.
  8517 | D:10     | Reached skill level 14 in Unarmed Combat
  8559 | D:10     | Found an opulent altar of Gozag.
  8602 | D:10     | Found a runed translucent door.
  8605 | D:10     | Noticed a skyshark
  8606 | D:10     | Noticed an anaconda
  8607 | D:10     | Noticed a skyshark
  8607 | D:10     | Noticed an anaconda
  8667 | D:10     | Noticed a skyshark
  8687 | D:10     | Found the +2 pair of slick slippers {slick, slippery, EV+4}
  8703 | D:10     | Noticed a skyshark
  8919 | D:10     | Found a staircase to the Lair.
  8935 | D:10     | Reached XP level 11. HP: 63/109 MP: 11/11
  9200 | Lair:1   | Entered Level 1 of the Lair of Beasts
  9704 | Lair:1   | Reached skill level 15 in Unarmed Combat
 10106 | Lair:1   | Reached skill level 1 in Throwing
 10284 | Lair:2   | Noticed a four-headed hydra
 10396 | Lair:2   | Noticed Urug
 10601 | Lair:2   | Found a runed translucent door.
 10608 | Lair:2   | Found the +2 hat of the Bear Spirit {Spirit, Bear, *Rage
                  | Will++}
 10726 | Lair:2   | Reached ***** piety under Wu Jian
 10905 | Lair:3   | Noticed Amaemon
 10966 | Lair:3   | Reached XP level 12. HP: 96/122 MP: 12/12
 11160 | Lair:3   | Reached skill level 16 in Unarmed Combat
 11232 | Lair:3   | Found a staircase to the Snake Pit.
 11463 | Lair:3   | Reached skill level 1 in Shields
 11652 | Lair:3   | Killed Amaemon
 11914 | Lair:3   | Found a snail-covered altar of Cheibriados.
 12002 | Lair:3   | Found a staircase to the Shoals.
 12446 | Lair:4   | Reached skill level 1 in Shapeshifting
 12446 | Lair:4   | Reached XP level 13. HP: 122/131 MP: 13/13
 12531 | Lair:4   | Reached ****** piety under Wu Jian
 12805 | Lair:4   | Found a staircase to the Slime Pits.
 13108 | Lair:5   | Entered Level 5 of the Lair of Beasts
 13306 | Lair:5   | Reached skill level 5 in Shapeshifting
 14900 | D:11     | Noticed Snorg
 15033 | D:11     | Killed Snorg
 15034 | D:11     | Reached skill level 10 in Shapeshifting
 15106 | D:11     | Identified the +3 rapier of the Mushroom {venom, +Blink rC+
                  | Str+2}
 15337 | D:11     | Reached XP level 14. HP: 133/140 MP: 14/14
 15447 | D:11     | Found a sparkling altar of Nemelex Xobeh.
 15740 | D:12     | Noticed Maurice
 15974 | D:12     | Noticed Josephine
 15989 | D:12     | Killed Josephine
 16053 | D:12     | Maurice stole a ring of flight
 16059 | D:12     | Killed Maurice
 16067 | D:12     | Noticed Nergalle
 16084 | D:12     | Killed Nergalle
 16855 | D:13     | Found a gate to the Vaults.
 17341 | D:14     | Found a shadowy altar of Dithmenos.
 17945 | D:15     | Entered Level 15 of the Dungeon
 17970 | D:15     | Found a transporter.
 17971 | D:15     | Noticed Sirjeffry24's ghost (journeyman HOFi)
 18059 | D:15     | Noticed a cyan very ugly thing
 18062 | D:15     | Killed a cyan very ugly thing
 18263 | D:15     | Reached XP level 15. HP: 146/146 MP: 13/15
 18267 | D:15     | Paralysed by an ogre mage for 4 turns
 18296 | D:15     | Found a staircase to the Depths.
 18534 | D:15     | Reached skill level 15 in Shapeshifting
 18681 | D:15     | Found a transporter.
 18945 | Orc:1    | Entered Level 1 of the Orcish Mines
 19099 | Orc:2    | Entered Level 2 of the Orcish Mines
 19099 | Orc:2    | Found a staircase to the Elven Halls.
 19873 | Lair:2   | Identified the +1 whip of Maivvoy {pain, rElec rF+++ Str+3
                  | Stlth-}
 19883 | Lair:2   | Found a runed translucent gate.
 19883 | Lair:2   | Found a runed translucent gate.
 19883 | Lair:2   | Found a runed translucent gate.
 19883 | Lair:2   | Found a runed translucent gate.
 19891 | Lair:2   | Found a runed translucent gate.
 19893 | Lair:2   | Found a runed translucent gate.
 20128 | D:7      | Killed Joseph
 20249 | D:8      | Identified the +9 chain mail of the Heron {Stlth+}
 20498 | Orc:2    | Reached skill level 5 in Shields
 20589 | Orc:2    | Found Omilel's Book Boutique.
 20638 | Orc:2    | Found Fiugearo's Weapon Shop.
 20711 | Orc:2    | Noticed Jorgrun
 20721 | Orc:2    | Killed Jorgrun
 20761 | Orc:2    | Found Cawunn's Magic Scroll Boutique.
 20790 | Orc:2    | Bought a scroll of identify for 26 gold pieces
 20790 | Orc:2    | Bought a scroll of blinking for 97 gold pieces
 20790 | Orc:2    | Bought a scroll of identify for 26 gold pieces
 20790 | Orc:2    | Bought a scroll of teleportation for 39 gold pieces
 21082 | Orc:2    | Bought a scroll of revelation for 97 gold pieces
 21114 | Orc:2    | Bought a manual of Unarmed Combat for 1200 gold pieces
 21116 | Orc:2    | Reached XP level 16. HP: 156/156 MP: 16/16
 21221 | Snake:1  | Entered Level 1 of the Snake Pit
 21378 | Snake:1  | Reached skill level 17 in Unarmed Combat
 22000 | Snake:1  | Reached skill level 18 in Unarmed Combat
 22013 | Snake:1  | Identified the +0 hat of Vagitawa {Fly Str+5 Int+3}
 22018 | Snake:1  | Noticed Asterion
 22027 | Snake:1  | Killed Asterion
 22028 | Snake:1  | Reached XP level 17. HP: 165/165 MP: 15/17
 22604 | Snake:2  | Found Goisoh's Assorted Antiques.
 22825 | Snake:2  | Reached skill level 10 in Fighting
 22979 | Snake:2  | Found Erepoc's Antique Weapon Emporium.
 22982 | Snake:2  | Found Xuwibramo's Book Shoppe.
 22982 | Snake:2  | Found Poviotum's Armour Emporium.
 22985 | Snake:2  | Found Isutat's Antique Armour Shoppe.
 23173 | Snake:2  | Reached skill level 19 in Unarmed Combat
 23586 | Snake:3  | Reached skill level 5 in Throwing
 23616 | Snake:3  | Found a hazy altar of Hepliaklqana.
 23771 | Snake:3  | Reached skill level 10 in Shields
 23775 | Snake:3  | Noticed Donald
 23778 | Snake:3  | Killed Donald
 23829 | Snake:3  | Reached skill level 20 in Unarmed Combat
 24244 | Snake:4  | Entered Level 4 of the Snake Pit
 24301 | Snake:4  | Noticed Vashnia
 24322 | Snake:4  | Killed Vashnia
 24411 | Snake:4  | Identified the serpent talisman of Mutualism {rF+}
 24411 | Snake:4  | Noticed Aizul
 24458 | Snake:4  | Killed Aizul
 24622 | Snake:4  | Reached skill level 21 in Unarmed Combat
 24640 | Snake:4  | Reached XP level 18. HP: 179/179 MP: 18/18
 24811 | Snake:4  | Noticed Saint Roka
 24821 | Snake:4  | Killed Saint Roka
 24906 | Snake:4  | Found Jiluymah's Antique Weapon Emporium.
 25206 | Snake:4  | Got a serpentine rune of Zot
 25370 | Snake:2  | Bought a scroll of identify for 68 gold pieces
 25370 | Snake:2  | Bought a potion of might for 136 gold pieces
 25572 | Shoals:1 | Entered Level 1 of the Shoals
 25653 | Shoals:1 | Found a runed translucent gate.
 25653 | Shoals:1 | Found a runed translucent gate.
 25653 | Shoals:1 | Found a runed translucent gate.
 25896 | Shoals:4 | Entered Level 4 of the Shoals
 25902 | Shoals:4 | Reached skill level 22 in Unarmed Combat
 25993 | Shoals:4 | Found an ancient bone altar of Kikubaaqudgha.
 26031 | Shoals:4 | Got a barnacled rune of Zot
 26033 | Shoals:4 | Got an azure gem with 1197 turns to spare
 26327 | Shoals:1 | Found Unwour's General Store.
 26374 | Shoals:2 | Noticed Ilsuiw
 26457 | Shoals:2 | Noticed Nikola
 26503 | Shoals:1 | Noticed Heh's ghost (adept DsGl)
 26663 | Vaults:1 | Entered Level 1 of the Vaults
 26951 | Vaults:1 | Got Mualoyde's Incunabulum of Incandescence and the Jinx
 27024 | Vaults:1 | Reached XP level 19. HP: 189/189 MP: 17/19
 27562 | Vaults:1 | Found Uhanys's Assorted Antiques.
 27570 | Vaults:1 | Bought a scroll of identify for 52 gold pieces
 27570 | Vaults:1 | Bought a scroll labelled LUIPYHITEY for 26 gold pieces
 27609 | Vaults:1 | Reached skill level 23 in Unarmed Combat
 28206 | Vaults:2 | Noticed Norris
 28224 | Vaults:2 | Killed Norris
 28668 | Vaults:2 | Found Zalliag's Assorted Antiques.
 28676 | Vaults:2 | Bought a potion of resistance for 380 gold pieces
 28821 | Vaults:2 | Found Kiude's Antique Weapon Boutique.
 29028 | Vaults:3 | Found Linlus's Jewellery Boutique.
 29197 | Vaults:3 | Reached XP level 20. HP: 205/205 MP: 18/20
 29247 | Vaults:3 | Found a portal to a secret trove of treasure.
 29888 | Vaults:3 | You fall into a shaft and drop 1 floor!
 30195 | Vaults:3 | Found Havuir's Magic Scroll Emporium.
 30198 | Vaults:3 | Bought a scroll of blinking for 112 gold pieces
 30198 | Vaults:3 | Bought a scroll of silence for 142 gold pieces
 30198 | Vaults:3 | Bought a scroll of identify for 30 gold pieces
 30285 | Vaults:3 | Found a staircase to the Crypt.
 30416 | Vaults:3 | Reached skill level 24 in Unarmed Combat
 31194 | Vaults:4 | Reached skill level 15 in Shields
 31618 | Vaults:4 | Found Umiomugg's Armour Boutique.
 31971 | Depths:1 | Entered Level 1 of the Depths
 32010 | Depths:1 | Noticed the Enchantress
 32101 | D:15     | Killed the Enchantress
 32102 | D:15     | Reached skill level 15 in Fighting
 32190 | D:15     | Reached XP level 21. HP: 218/218 MP: 21/21
 32224 | D:15     | Reached skill level 5 in Dodging
 32284 | Depths:1 | Found Gonnelol's Overcharged Wands.
 32347 | Depths:1 | Found a one-way gate to the infinite horrors of the Abyss.
 33153 | D:15     | Killed Sirjeffry24's ghost
 33160 | D:15     | Identified the amulet "Matiruk" {Faith Dex+4}
 33326 | Depths:1 | Found a gateway to Hell.
 33446 | Depths:1 | Identified 3 scrolls of acquirement
 33447 | Depths:1 | Acquired 1237 gold pieces
 33448 | Depths:1 | Acquired the +1 hat "Ryr Dauq" {rF+}
 33449 | Depths:1 | Acquired a manual of Dodging
 33824 | Depths:2 | Found a runed translucent door.
 34015 | Depths:2 | Found a one-way gate leading to the halls of Pandemonium.
 34144 | Depths:2 | Found a runed translucent door.
 35020 | Depths:2 | Found a one-way gateway to a ziggurat.
 35408 | Depths:3 | Reached skill level 25 in Unarmed Combat
 35536 | Depths:3 | Noticed Grunn
 35547 | Depths:3 | Killed Grunn
 35699 | Depths:3 | Found a glowing golden altar of the Shining One.
 36104 | Depths:3 | Found a burning altar of Makhleb.
 36125 | Depths:3 | Found a shimmering altar of Xom.
 36125 | Depths:3 | Found a burning altar of Makhleb.
 36127 | Depths:3 | Found a burning altar of Makhleb.
 36127 | Depths:3 | Found a bloodstained altar of Trog.
 36127 | Depths:3 | Found an ornate altar of the Wu Jian Council.
 36246 | Depths:3 | You fall into a shaft and drop 1 floor!
 36246 | Depths:4 | Entered Level 4 of the Depths
 36260 | Depths:4 | Noticed a golden dragon
 36289 | Depths:3 | Identified the +8 quarterstaff of Jeomou {flame, Stlth+}
 36324 | Depths:4 | Reached XP level 22. HP: 230/230 MP: 22/22
 36771 | Depths:4 | Acquired the +3 tower shield of Impressiveness {+Inv Dex+4}
 37138 | Depths:4 | Reached skill level 10 in Dodging
 37206 | Depths:4 | Killed a golden dragon
 37235 | Depths:4 | Found a gate to the Realm of Zot.
 37571 | Vaults:5 | Entered Level 5 of the Vaults
 38086 | Vaults:5 | Noticed a golden dragon
 38092 | Vaults:5 | Killed a golden dragon
 38222 | Vaults:5 | Identified the +4 spear of Doubt {heavy, rN+ rCorr}
 38224 | Vaults:5 | Identified the +6 flail "Wuhap" {protect, Will+ Dex+2}
 38237 | Vaults:5 | Noticed a golden dragon
 38245 | Vaults:5 | Killed a golden dragon
 38246 | Vaults:5 | Reached XP level 23. HP: 239/239 MP: 23/23
 38450 | Vaults:5 | Identified the +1 battleaxe of Kismet {pain, Fly rC+ Int-2}
 38484 | Vaults:5 | Identified the +4 short sword of Pohieger {spect, rC- Int+4
                  | Dex+2 Stlth+}
 38512 | Vaults:5 | Got a silver rune of Zot
 38948 | Vaults:5 | Identified the +1 cloak "Iqauliv" {rF++}
 39160 | Vaults:5 | Found the sphere of Battle
 39486 | Elf:1    | Entered Level 1 of the Elven Halls
 39581 | Elf:1    | Found Tostrac's Distillery.
 39589 | Elf:1    | Bought a potion of curing for 60 gold pieces
 39589 | Elf:1    | Bought a potion of heal wounds for 100 gold pieces
 39589 | Elf:1    | Bought a potion of curing for 60 gold pieces
 39589 | Elf:1    | Bought a potion of curing for 60 gold pieces
 39589 | Elf:1    | Bought a potion of heal wounds for 100 gold pieces
 39924 | Elf:1    | Got Apimekh's Lectures on Prime Beckoning
 40265 | Elf:2    | Found Jidiej's Antique Armour Shoppe.
 40362 | Elf:2    | Paralysed by an air elemental for 1 turns
 40547 | Elf:2    | Found a runed translucent gate.
 40548 | Elf:2    | Found a runed translucent gate.
 40548 | Elf:2    | Found a runed translucent gate.
 40818 | Elf:3    | Entered Level 3 of the Elven Halls
 40818 | Elf:3    | Found a radiant altar of Vehumet.
 40846 | Elf:3    | Paralysed by an air elemental for 1 turns
 40848 | Elf:3    | Noticed Boris
 40860 | Elf:3    | Killed Boris
 41150 | Elf:3    | Found Xosaubref's Antique Weapon Shoppe.
 41509 | Elf:3    | Identified the +1 glaive of Autumn {holy, Fly}
 41509 | Elf:3    | Identified the +0 leather armour of the Shoals {rPois Will+
                  | Dex+3 Stlth-}
 41687 | Elf:3    | Identified the +1 ring mail of Lies {rElec Int+2}
 41705 | Elf:3    | Identified the maw talisman of the Crypt {rElec rC- rCorr
                  | Stlth+}
 41710 | Elf:3    | Identified the +0 flail of Uncomfortable Rashes {heavy,
                  | *Noise rElec rC+ MP+9}
 41745 | Elf:3    | Got Estyozimay's Guidebook on Portals and the Cemetery
 42237 | Crypt:1  | Entered Level 1 of the Crypt
 42266 | Crypt:1  | Noticed Margery
 42277 | Crypt:1  | Killed Margery
 42280 | Crypt:1  | Reached XP level 24. HP: 250/250 MP: 23/23
 43923 | Crypt:3  | Entered Level 3 of the Crypt
 44338 | Crypt:3  | Identified the ring "Nigi" {rPois rC- Str+3 Int+4}
 44361 | Crypt:3  | Noticed Boris
 44369 | Crypt:3  | Killed Boris
 44546 | Crypt:3  | Found a basalt altar of Yredelemnul.
 44675 | Crypt:3  | Identified the ring "Gaptuw" {^Drain rC+ rN+ Slay+6 Stlth-}
 44675 | Crypt:3  | Identified the ring "Emnetait" {rN+ Int+2}
 44675 | Crypt:3  | Identified the ring of Tiodyssi {rElec rF- rN+ Int+3}
 44748 | Crypt:3  | Identified the +5 spear "Bameel" {heavy, rN+}
 44751 | Crypt:3  | Got the Meditations on Charms
 44998 | Crypt:3  | Found a staircase to the Tomb.
 45336 | Crypt:3  | Found the +7 sceptre of Torment {pain, torment}
 45366 | Crypt:3  | Identified the +11 scimitar of Ubuthall {venom, +Blink
                  | SInv}
 45367 | Crypt:3  | Identified the +9 great sword of the Eternal Warrior
                  | {heavy, rElec rPois}
 45783 | Zot:1    | Entered Level 1 of the Realm of Zot
 45832 | Zot:1    | Reached XP level 25. HP: 266/266 MP: 23/23
 46246 | Zot:1    | Identified the +5 chain mail "Dosoiw" {Str+2}
 47080 | Zot:2    | Reached skill level 26 in Unarmed Combat
 47489 | Zot:3    | Found a transporter.
 47495 | Zot:3    | Noticed Miridwoatt's ghost (master GnFi)
 47504 | Zot:3    | Noticed a Killer Klown
 47520 | Zot:3    | Killed a Killer Klown
 47659 | Zot:3    | Noticed a dread lich
 47696 | Zot:3    | Found a transporter.
 47957 | Zot:4    | Noticed Vv
 47968 | Zot:4    | Killed Vv
 48857 | Zot:5    | Entered Level 5 of the Realm of Zot
 48952 | Zot:5    | Reached XP level 26. HP: 279/279 MP: 23/23
 49009 | Zot:5    | Noticed an orb of fire
 49009 | Zot:5    | Gained mutation: You are clumsy. (Dex -2) [an orb of fire]
 49015 | Zot:5    | Killed an orb of fire
 49074 | Zot:5    | Found a runed translucent door.
 49076 | Zot:5    | Noticed stpyramids's ghost (legendary DDFi)
 49398 | Zot:5    | Noticed an orb of fire
 49403 | Zot:5    | Killed an orb of fire
 49405 | Zot:5    | Noticed a dread lich
 49422 | Zot:5    | Killed a dread lich
 49426 | Zot:5    | Reached skill level 27 in Unarmed Combat
 49476 | Zot:5    | Noticed an ancient lich
 49482 | Zot:5    | Killed an ancient lich
 49500 | Zot:5    | Noticed an ancient lich
 49508 | Zot:5    | Killed an ancient lich
 49509 | Zot:5    | Noticed a dread lich
 49516 | Zot:5    | Killed a dread lich
 49534 | Zot:5    | Noticed an orb of fire
 49539 | Zot:5    | Gained mutation: Your magical capacity is low. (-10% MP)
                  | [an orb of fire]
 49545 | Zot:5    | Gained mutation: Armour fits poorly on your strangely
                  | shaped body. [an orb of fire]
 49546 | Zot:5    | Killed an orb of fire
 49547 | Zot:5    | Noticed an ancient lich
 49550 | Zot:5    | Noticed an ancient lich
 49556 | Zot:5    | Killed an ancient lich
 49557 | Zot:5    | Killed an ancient lich
 49909 | Zot:5    | Got the Orb of Zot
 49937 | Zot:4    | Gained mutation: You are frail. (-10% HP) [a cacodemon]
 49955 | Zot:4    | Noticed Benizuiph the pandemonium lord
 50057 | Depths:4 | Noticed Boris
 50062 | Depths:4 | Killed Boris
 50127 | Depths:4 | Noticed Misirrus the pandemonium lord
 50142 | Depths:4 | Killed Misirrus the pandemonium lord
 50172 | Depths:4 | Noticed Detowol the pandemonium lord
 50184 | Depths:4 | Killed Detowol the pandemonium lord
 50318 | D:14     | Noticed a seraph
 50326 | D:14     | Killed a seraph
 50327 | D:14     | Reached XP level 27. HP: 261/261 MP: 21/21
 50392 | D:10     | Noticed a seraph
 50421 | D:10     | Killed a seraph
 50589 | D:$      | Escaped with the Orb!

Illustrated notes

Levels and vault maps discovered:
D:1:      giann_bridges, layout_basic
D:2:      minmay_general_purpose_star, layout_basic, hex_tiny, uniq_natasha
D:3:      kennysheep_six_static_rooms, layout_rooms, overflow_temple_1_default,
          nicolae_wu_jian_immortal_techniques, minitemple, portal_sewer_entry_d,
          ebering_ghost_sewer_d, chequers_ecumenical_altar_simple,
          minmay_distorted
D:4:      layout_basic, okawaru_gym_becter, mainiacjoe_overflow_boulevard,
          st_stairs_11
D:5:      layout_basic, mainiacjoe_overflow_alcove_2, slow_altar_2,
          minmay_temple_entry_glass, uniq_crazy_yiuf_cottage
D:6:      layout_basic, uniq_menkaure, uniq_blork_the_orc
D:7:      layout_basic, uniq_joseph
D:8:      layout_basic, mainiacjoe_overflow_alcove_1, minmay_diamond_spiral
D:9:      layout_basic, serial_shops, shop
D:10:     layout_gridville, grunt_gozag_statues, erik_lair_island, orc_0_dummy,
          nicolae_guarded_unrand_slippers
D:11:     layout_rooms, nemelex_diamond_rough_becter, uniq_snorg
D:12:     layout_gridville, uniq_josephine, uniq_maurice, uniq_nergalle
D:13:     layout_cave_pools, david_vaults_4, serial_column_ruins,
          column_ruins_hut, column_ruins_open_small,
          column_ruins_corridor_water, column_ruins_open_small,
          column_ruins_open_large, abandoned_shop,
          amcnicky_mini_rare_corridor_liquid, drop_trap, minmay_misc_feat_x,
          einodemon_barbed_minivault
D:14:     layout_rooms, grunt_dithmenos_smoke
D:15:     gammafunk_enter_depths_forms, layout_cave_pods,
          hangedman_decor_lopped, gammafunk_ghost_berserking_beasts
Lair:1:   layout_cave_pods
Lair:2:   gammafunk_indiana_jones, layout_regular_city, roderic_batcave,
          uniq_urug
Lair:3:   lemuel_reptile_caves, layout_gridlike, minmay_shoals_entry_hut,
          nicolae_snake_entry_squirm, kennysheep_snail_temple, uniq_amaemon
Lair:4:   layout_regular_city, dpeg_slime_entry_enclosed
Lair:5:   gammafunk_lair_ancient_temple, layout_misc_corridors,
          kennysheep_abandoned_house
Shoals:1: layout_shoals, gammafunk_ghost_tricky_traps, serial_shops,
          nicolae_shop_statue_plus, nicolae_shop_mannequins,
          nicolae_shoals_so_close
Shoals:2: layout_shoals, uniq_ilsuiw, uniq_polyphemus, uniq_nikola
Shoals:3: layout_shoals, serial_shops, nicolae_shop_industrial_runoff
Shoals:4: shoals_end_grunt_garden, layout_shoals, lemuel_altar_in_water,
          nicolae_shoals_water_shrine
Snake:1:  layout_chambers, uniq_asterion
Snake:2:  nicolae_snake_nest, layout_gridlike, st_stairs_8,
          nicolae_take_the_stairs, minmay_shoptagon
Snake:3:  layout_basic, serial_bayou_pond_b, lemuel_oklob_altar, uniq_donald
Snake:4:  hellmonk_snake_rune_quicksilver_temple, layout_misc_corridors,
          serial_shops, shop, serial_bayou_shore_b, uniq_saint_roka,
          uniq_vashnia, uniq_aizul
Orc:1:    layout_diamond_mine
Orc:2:    st_orc_town, layout_caves, uniq_jorgrun
Elf:1:    eino_elf_arrival_the_gate, layout_geoelf_grid, serial_shops,
          nicolae_shop_waterfront, nicolae_elf_shapeshifter_party
Elf:2:    nicolae_elf_blades_splatter_lattice [nicolae_blade_tridents],
          layout_rooms, serial_shops, nicolae_shop_stone, grunt_ministairs_8
Elf:3:    minmay_elf_hall_x, layout_gridlike, serial_shops,
          nicolae_shop_overgrown_old_shop, basic_altar, uniq_boris
Vaults:1: nicolae_vaults_angled_halls, nicolae_vaults_closet_pinwheel_1,
          ontoclasm_vaults_misaligned, nicolae_vaults_enemy_cabinets,
          nicolae_vaults_tangram_1, v_misc_9, ontoclasm_vaults_hangar,
          dpeg_vaults_monster_box, vaults_dpeg_encased_lava,
          layout_vaults_chaotic_city, serial_shops,
          nicolae_shop_advertising_works [nicolae_subvault_shop_adworks]
Vaults:2: v_misc_9, nicolae_vaults_ninety_degrees, nicolae_vaults_double_plus_3,
          grunt_vaults_trifunnel, nicolae_vaults_ellipses_ellipsis,
          ontoclasm_vaults_claustrophobia, grunt_vaults_hallway_short, v_misc_4,
          vaults_mumra_minichess, layout_vaults_maze_bifur, serial_shops,
          nicolae_shop_statue_plus, nicolae_shop_pleasant_corner_grove,
          uniq_norris
Vaults:3: nicolae_vaults_offset_grid_hallway_1,
          minmay_crypt_entry_simple_corners, vaults_room_mumra_shop_pool,
          nicolae_vaults_network_square, nicolae_vaults_arrows,
          vaults_room_large_hall, vaults_room_grunt_arrival_ludios,
          nicolae_vaults_trapezoid_3, v_misc_9, vaults_room_door_hall,
          vaults_mumra_bighexcomb, nicolae_vaults_tetromino_T_2, v_misc_19,
          nicolae_vaults_surprise_closet, vaults_room_hallway,
          layout_vaults_big_cross, serial_shops, nicolae_shop_rolled_up,
          nicolae_trove_entry_isolated
Vaults:4: nicolae_vaults_taking_the_gang_shopping, v_pattern_5,
          ontoclasm_vaults_ligature, nicolae_vaults_turnstiles,
          grunt_vaults_diagonal, vaults_room_fancy_cross, hangedman_vaults_maws,
          hangedman_vaults_trim, nicolae_vaults_yaktaur_gun_rack,
          nicolae_vaults_prndl, layout_vaults_ring
Vaults:5
Crypt:1:  layout_gridlike, serial_library_regret_index_split_case,
          grunt_megastairs_2, uniq_margery
Crypt:2:  layout_chaotic_city, corner_web_ring
Crypt:3:  evilmike_haunted_forest
Depths:1: layout_cave_shapes, nicolae_abyss_entry_one_way_or_another,
          hangedman_coc_ice_floe, nicolae_shop_overcharged_wands,
          uniq_enchantress
Depths:2: minmay_expanding_circles, layout_gridlike, enter_ziggurat_a,
          pan_entry, solitary_fountain, hellmouth_3, grunt_megastairs_4,
          serial_bayou_shore_b, minmay_staircase_statues, serial_bayou_shore_b
Depths:3: nicolae_hitomezashi [nicolae_hito_row, nicolae_hito_row,
          nicolae_hito_row, nicolae_hito_row, nicolae_hito_row,
          nicolae_hito_row, nicolae_hito_row, nicolae_hito_row,
          nicolae_hito_row, nicolae_hito_row, nicolae_hito_row,
          nicolae_hito_row, nicolae_hito_row, nicolae_hito_row,
          nicolae_hito_row, nicolae_hito_row, nicolae_hito_row,
          nicolae_hito_row], layout_gridlike, minmay_room_of_horrors,
          grunt_hell_entry_dis_grunt, doesnt_xom_only_xom,
          nicolae_tso_swordbearing_angel, firewood_loft,
          minmay_staircase_bubble, uniq_grunn
Depths:4: evilmike_zot_entry_gauntlet, layout_cave_pools, hell_entry,
          skrybe_limestone_x, abyss_entry
Zot:1:    layout_onion_interference, grunt_megastairs_3
Zot:2:    layout_onion, grunt_ministairs_6
Zot:3:    layout_misc_corridors, gammafunk_ghost_abyssal_escape,
          st_small_dragon_hoard_2
Zot:4:    regret_index_zot_pan_timeshare, layout_basic, uniq_vv
Zot:5:    layout_twisted_circle, ebering_ghost_inner_flame

Skill      XL: |  1  2  3  4  5  6  7  8  9 10 11 12 13 14 15 16 17 18 19 20 21 22 23 24 25 26 27 |
---------------+----------------------------------------------------------------------------------+-----
Unarmed Combat | 1 2 3 4 6 7 8 10 12 14 15 16 18 21 22 23 24 25 26 27 | 27.0
Fighting       | 2 4 5 7 8 9 11 12 13 15 16 18 19 | 19.9
Evocations     | 1 2 3 |  3.0
Throwing       | 2 3 5 |  5.0
Dodging        | 3 4 8 11 12 13 | 13.0
Shields        | 4 8 9 10 12 13 15 16 17 18 19 21 | 21.3
Shapeshifting  | 1 10 14 16 17 19 21 22 23 | 23.0
Short Blades   | |  0.7
Stealth        | |  1.5
Spellcasting   | |  1.2
Hexes          | |  2.0

Action                     |  1- 3 |  4- 6 |  7- 9 | 10-12 | 13-15 | 16-18 | 19-21 | 22-24 | 25-27 || total
---------------------------+-------+-------+-------+-------+-------+-------+-------+-------+-------++-------
  Melee: Unarmed           |    71 |   228 |   292 |   607 |  1012 |   785 |  1153 |  1483 |   764 ||  6395
         Punch             |     1 |     4 |    19 |    44 |    30 |     8 |       |       |       ||   106
         Constrict         |       |       |       |       |    10 |       |       |       |       ||    10
  Throw: Stone             |       |     2 |     2 |     6 |     2 |       |       |       |       ||    12
         Dart              |       |       |       |       |     4 |     9 |     2 |       |       ||    15
 Invoke: Serpent's Lash    |       |       |       |     1 |     4 |       |       |       |       ||     5
         Heavenly Storm    |       |       |       |       |     1 |       |     1 |     1 |       ||     3
Ability: Lunge             |       |     1 |    28 |    72 |    76 |    64 |    90 |   126 |    58 ||   515
         Whirlwind         |       |       |       |     1 |    59 |    90 |   168 |   213 |    87 ||   618
         Begin Untransform |       |       |       |       |     4 |     2 |       |       |       ||     6
         Wall Jump         |       |       |       |       |     2 |       |       |       |       ||     2
         Evoke Invisibilit |       |       |       |       |       |       |       |     1 |       ||     1
  Evoke: Wand              |       |       |     5 |       |    19 |       |       |     1 |     1 ||    26
         Phantom mirror    |       |       |       |       |       |       |     1 |       |       ||     1
    Use: Scroll            |       |       |     6 |     3 |     6 |     9 |    15 |     5 |     6 ||    50
         Potion            |       |       |       |     1 |     2 |       |     1 |     3 |     4 ||    11
   Stab: Sleeping          |     2 |     2 |     4 |     2 |     3 |     3 |     3 |     6 |       ||    25
         Confused          |       |       |     1 |       |       |       |       |       |       ||     1
         Distracted        |       |       |       |     1 |       |     1 |     1 |     3 |       ||     6
         Invisible         |       |       |       |       |     2 |       |       |       |       ||     2
         Held in net/web   |       |       |       |       |       |       |     2 |       |       ||     2
 Armour: Robe              |    40 |   142 |   169 |       |       |       |       |       |       ||   351
         Steam dragon scal |       |       |     6 |    17 |       |       |       |       |       ||    23
         Troll leather arm |       |       |       |   331 |   264 |       |       |       |       ||   595
         Skin              |       |       |       |       |   902 |   947 |  1079 |   852 |   435 ||  4215
  Dodge: Dodged            |    31 |    76 |    85 |   171 |   616 |   330 |   325 |   478 |   183 ||  2295
  Block: Kite shield       |       |       |       |    45 |   250 |   445 |   562 |    50 |       ||  1352
         Reflection        |       |       |       |       |     4 |    59 |    61 |       |       ||   124
         Tower shield      |       |       |       |       |       |       |       |  1338 |   648 ||  1986
   Form: Serpent           |       |       |       |       |     2 |       |       |       |       ||     2
         Statue            |       |       |       |       |     3 |     2 |       |       |       ||     5
